Map: Emerald City LE

Players

OpuS - Winner!

  • Race: Protoss Protoss
  • League: Platinum
  • Spawn Location: 11:00

Sketchaphone - Winner!

  • Race: Zerg Zerg
  • League: Platinum
  • Spawn Location: 11:00

Asediante

  • Race: Terran Terran
  • League: Platinum
  • Spawn Location: 5:00

Seths

  • Race: Terran Terran
  • League: Platinum
  • Spawn Location: 5:00

VOD

Have the link to the VOD?

Description

Time

  • Played on: Feb. 5, 2019, 9:14 p.m.
  • Length: 14:38
Show
View Real Time Build Order
Export as new Build Order

OpuS Protoss - Winner!

Build Orders:  

Get SALT Encoding   

  12  0:01  Probe  
  13  0:13  Probe  
  14  0:19  Pylon  
  14  0:25  Probe  
  15  0:37  Probe  
  16  0:47  Gateway  
  16  0:51  Assimilator  
  16  0:57  Probe  
  17  1:05  Probe  
  17  1:08  Gateway  
  18  1:14  Probe  
  18  1:23  Probe  
  19  1:26  Pylon  
  19  1:32  Probe  
  20  1:35  Cybernetics Core  
  21  1:49  Probe  
  22  2:00  Probe  
  22  2:08  Probe, Forge  
  22  2:10  Pylon  
  22  2:12  Pylon  
  22  2:14  Adept  
  25  2:17  Sentry  
  27  2:28  Shield Battery  
  27  2:33  Shield Battery  
  27  2:43  Photon Cannon  
  27  2:49  Photon Cannon  
  27  2:57  Sentry  
  27  2:58  Adept  
  31  3:02  Assimilator  
  31  3:10  Warp Gate  
  31  3:17  Gateway  
  31  3:46  Robotics Facility  
  31  3:49  Adept  
  33  4:02  Nexus  
  33  4:07  Pylon  
  33  4:19  Photon Cannon  
  33  4:24  Photon Cannon  
  33  4:55  Robotics Bay  
  33  5:00  Adept x3  
  33  5:22  Probe x2  
  33  5:25  Adept x3  
  41  5:32  Observer  
  41  5:34  Probe x2  
  44  5:44  Twilight Council  
  44  5:47  Probe  
  44  5:48  Probe  
  46  5:51  Adept  
  46  5:53  Adept  
  50  6:02  Probe x2  
  52  6:07  Sentry  
  54  6:11  Sentry  
  46  6:27  Probe x2  
  46  6:31  Adept  
  46  6:32  Adept  
  50  6:39  Probe x2  
  52  6:42  Adept  
  52  6:51  Probe x2  
  50  6:55  Colossus  
  50  7:03  Probe x2  
  58  7:15  Probe x2  
  60  7:16  Gateway  
  60  7:20  Gateway  
  60  7:22  Pylon  
  60  7:27  Probe x2  
  62  7:32  Assimilator  
  62  7:35  Protoss Ground Weapons Level 1  
  62  7:36  Sentry, Assimilator  
  64  7:37  Zealot x2  
  64  7:39  Probe x2  
  70  7:56  Charge  
  70  8:03  Zealot x3  
  76  8:20  Nexus  
  76  8:21  Pylon  
  76  8:23  Pylon x2  
  76  8:24  Pylon, Gateway  
  76  8:26  Pylon  
  76  8:27  Sentry  
  78  8:37  Robotics Facility  
  78  8:41  Zealot x2  
  78  8:42  Zealot  
  78  8:44  Zealot  
  86  9:03  Shield Battery  
  86  9:04  Shield Battery  
  86  9:06  Probe x2  
  88  9:22  Zealot x3  
  88  9:23  Zealot x3  
  100  9:26  Colossus  
  80  9:52  Zealot x2  
  80  9:53  Zealot x4  
  68  10:27  Nexus  
  66  10:56  Nexus  
  64  11:23  Colossus  
  70  11:44  Probe x2  
  68  11:56  Probe  
  65  12:06  Colossus  
  67  12:20  Stalker x2  
  67  12:21  Stalker x2  
  69  12:24  Probe  
  64  12:34  Probe  
  64  12:35  Probe  
  64  12:36  Probe  
  67  12:46  Probe  
  67  12:47  Probe  
  69  13:01  Templar Archives  
  69  13:03  Probe x2  
  69  13:04  Probe  
  72  13:15  Pylon, Probe  
  72  13:16  Pylon, Probe  
  72  13:19  Stalker  
  76  13:20  Stalker  
  78  13:33  Zealot x3  
  84  13:35  Zealot  
  86  13:45  Probe  
  86  13:46  Probe x2  
  89  13:58  High Templar x3, Probe x3  
  89  13:59  High Templar x3  
  104  14:09  Archon x2  
  104  14:10  Archon, Probe x2  
  104  14:11  Probe  
  104  14:16  Assimilator  
  107  14:20  Assimilator  
  107  14:22  Probe x2  
  107  14:23  Probe  
  116  14:31  High Templar  
  116  14:32  High Templar x3  
  125  14:36  Archon  
Show
View Real Time Build Order
Export as new Build Order

Sketchaphone Zerg - Winner!

Build Orders: Hatch First, Muta Ling Bane 

Get SALT Encoding   

  12  0:03  Drone  
  13  0:14  Overlord  
  13  0:20  Drone  
  14  0:24  Drone, Extractor  
  15  0:32  Drone  
  16  0:36  Drone  
  17  0:52  Drone  
  17  0:57  Extractor  
  17  1:00  Hatchery  
  17  1:02  Drone  
  17  1:09  Drone  
  18  1:21  Drone  
  18  1:24  Spawning Pool  
  18  1:29  Drone  
  19  1:41  Drone  
  20  1:53  Drone  
  21  2:07  Overlord  
  21  2:11  Queen  
  21  2:13  Metabolic Boost, Zergling x4  
  25  2:24  Baneling Nest, Drone  
  25  2:25  Zergling x2  
  25  2:26  Queen  
  29  2:37  Zergling x4  
  30  2:45  Zergling x2  
  30  2:46  Overlord  
  31  2:58  Zergling x2  
  31  2:59  Zergling x2  
  33  3:07  Drone x2  
  35  3:17  Overlord x2  
  35  3:28  Drone  
  35  3:29  Overlord, Drone  
  35  3:30  Drone  
  38  3:34  Drone  
  39  3:43  Evolution Chamber  
  38  4:01  Zergling x2  
  39  4:08  Zergling x16  
  47  4:10  Zerg Melee Weapons Level 1  
  46  4:22  Hatchery  
  44  4:24  Baneling x4  
  44  4:29  Drone x4  
  48  4:37  Overlord  
  45  4:43  Drone  
  44  4:49  Extractor  
  43  4:56  Spore Crawler  
  43  4:59  Overlord  
  38  5:18  Drone x2  
  38  5:19  Drone x5  
  38  5:20  Drone  
  40  5:24  Drone  
  40  5:26  Lair  
  41  5:29  Drone x4  
  41  5:33  Zergling x4  
  41  5:35  Drone  
  48  5:44  Queen  
  48  5:45  Drone  
  51  5:50  Zergling x4  
  51  5:52  Baneling  
  51  5:53  Baneling  
  51  5:56  Drone x3  
  51  5:57  Drone x2  
  58  6:11  Spore Crawler  
  57  6:13  Zergling x2  
  58  6:18  Baneling x3  
  56  6:34  Zergling x2  
  56  6:35  Overlord  
  56  6:36  Overlord x3  
  57  6:42  Overlord  
  57  6:43  Overlord x2  
  56  7:01  Pneumatized Carapace  
  56  7:04  Spire  
  56  7:08  Extractor  
  54  7:10  Overlord, Extractor  
  54  7:12  Drone x2  
  54  7:23  Hatchery  
  54  7:24  Drone x4  
  57  7:30  Zergling x6  
  57  7:31  Zergling x4  
  57  7:32  Zergling x4  
  64  7:46  Drone  
  64  7:48  Evolution Chamber  
  64  7:51  Extractor  
  63  7:52  Extractor  
  62  8:01  Zergling x10  
  62  8:02  Zergling x12  
  73  8:11  Drone  
  74  8:17  Centrifical Hooks, Zerg Flyer Weapons Level 1  
  74  8:21  Overlord  
  74  8:23  Zergling x14  
  74  8:25  Drone  
  82  8:48  Hatchery  
  81  8:50  Zergling x4  
  81  8:51  Zergling x16  
  90  8:58  Queen  
  92  9:05  Mutalisk x8  
  108  9:17  Infestation Pit, Extractor  
  108  9:20  Extractor  
  105  9:32  Zergling x12  
  105  9:33  Zergling x10  
  105  9:35  Zergling x2  
  110  9:42  Zergling x4  
  103  9:47  Zergling x4  
  83  10:03  Zergling x10  
  83  10:06  Lair  
  74  10:07  Zergling x4  
  64  10:20  Drone x5  
  60  11:00  Hatchery  
  59  11:37  Spire  
  58  11:42  Overlord  
  45  11:59  Drone x3  
  46  12:04  Evolution Chamber  
  46  12:05  Evolution Chamber, Drone x15  
  46  12:06  Drone  
  60  12:14  Mutalisk  
  60  12:15  Mutalisk x3  
  68  12:29  Spawning Pool  
  67  12:31  Mutalisk  
  67  12:32  Mutalisk x11  
  67  12:34  Zerg Ground Armor Level 1  
  91  12:39  Mutalisk x2  
  95  13:04  Overlord  
  95  13:05  Overlord  
  95  13:07  Overlord  
  95  13:17  Mutalisk x2  
  99  13:25  Queen  
  101  13:27  Queen  
  101  13:28  Queen x2  
  101  13:29  Overlord  
  101  13:31  Drone x3  
  101  13:34  Extractor x2  
  110  13:36  Zergling x28  
  108  13:53  Zergling x16  
  111  13:59  Hatchery  
  111  14:01  Queen, Mutalisk  
  111  14:02  Mutalisk x2  
  118  14:04  Zergling x2  
Show
View Real Time Build Order
Export as new Build Order

Asediante Terran 

Build Orders:  

Get SALT Encoding   

  12  0:02  SCV  
  13  0:17  Supply Depot  
  13  0:20  Refinery  
  13  0:24  SCV  
  14  0:33  Refinery  
  14  0:38  SCV  
  15  0:53  Barracks  
  15  0:58  SCV  
  16  1:10  SCV  
  17  1:22  Barracks  
  17  1:25  SCV  
  18  1:40  Barracks  
  18  1:42  Marine  
  19  1:53  SCV  
  20  2:06  Orbital Command  
  20  2:10  Supply Depot  
  20  2:11  Barracks Reactor  
  20  2:19  Barracks Tech Lab  
  20  2:29  Marine  
  20  2:33  Barracks  
  21  2:40  Combat Shield  
  21  2:45  Marine  
  21  2:47  Marine  
  21  2:49  Marine  
  24  2:55  Marine  
  24  2:57  Supply Depot  
  25  3:03  Marauder, SCV  
  28  3:07  Marine  
  28  3:11  Barracks Reactor  
  29  3:15  Marine  
  29  3:18  SCV  
  31  3:21  Marine  
  31  3:24  Marine  
  31  3:25  Marine  
  34  3:31  Supply Depot  
  34  3:32  Marine  
  35  3:39  Marine  
  36  3:42  Marine  
  37  3:50  Marine x2  
  37  3:52  Marine  
  37  3:53  Supply Depot  
  40  4:00  Marine x3  
  43  4:07  Stimpack  
  43  4:11  SCV  
  43  4:15  Marine  
  45  4:23  Marine x2  
  47  4:31  Marine x3  
  50  4:49  Marine x4  
  50  4:51  SCV  
  55  4:53  Marine  
  55  4:54  Marine  
  57  5:07  Marine x3  
  55  5:18  Marine x2  
  45  5:26  Marine  
  45  5:27  Marine  
  45  5:31  Marine x2  
  45  5:34  SCV  
  48  5:36  Marine  
  48  5:38  Marine  
  50  5:44  Marine  
  50  5:46  Marine, SCV  
  53  6:00  Marine x2  
  53  6:01  Marine x2  
  53  6:02  Marine, SCV  
  59  6:14  SCV  
  48  6:32  Marine x5  
  39  6:54  Marine  
  39  6:55  Marine x4  
  39  6:57  Marine  
  45  7:12  Marine x2  
  45  7:13  Marine  
  48  7:15  Command Center  
  48  7:19  SCV  
  49  7:31  SCV  
  50  7:38  Engineering Bay  
  50  7:40  Command Center  
  50  7:41  Barracks Tech Lab  
  50  7:42  Marauder  
  50  7:43  Concussive Shells, Factory  
  52  7:44  Marine  
  52  7:48  SCV  
  54  7:55  Factory  
  54  8:04  Marauder  
  56  8:14  Marine x2  
  56  8:15  Marine x2  
  60  8:36  Bunker x2, Supply Depot  
  60  8:37  Supply Depot  
  60  8:40  Bunker  
  60  8:46  SCV  
  61  8:51  Refinery  
  61  8:53  Refinery  
  61  8:58  SCV  
  61  8:59  Factory Tech Lab  
  62  9:10  SCV  
  62  9:11  Factory Reactor  
  62  9:13  Starport  
  63  9:18  Orbital Command  
  13  10:12  Supply Depot  
  13  10:13  Supply Depot  
  13  10:17  Orbital Command  
  13  10:36  Siege Tank  
  13  10:38  Marine x2  
  13  10:39  Marine  
  18  10:45  SCV  
  18  11:32  Viking  
  20  11:38  Orbital Command  
  19  11:52  Viking  
  16  12:11  Viking  
  16  12:13  SCV  
  19  12:39  SCV  
  20  12:51  SCV, Siege Tank  
  23  12:52  Liberator  
  24  13:03  SCV  
  24  13:12  Marauder  
  29  13:14  Marine  
  30  13:21  Factory Reactor  
  30  13:32  Widow Mine  
  32  14:02  Widow Mine x2  
  33  14:04  Widow Mine  
Show
View Real Time Build Order
Export as new Build Order

Seths Terran 

Build Orders:  

Get SALT Encoding   

  12  0:20  SCV  
  13  0:32  SCV  
  13  0:35  Supply Depot  
  14  0:42  Refinery  
  14  0:44  SCV  
  15  0:58  Barracks  
  15  0:59  SCV  
  16  1:12  SCV  
  17  1:24  SCV  
  18  1:36  SCV  
  19  1:48  SCV  
  19  1:52  Barracks x2  
  19  1:53  Marine  
  21  1:54  Supply Depot  
  21  2:07  Orbital Command  
  21  2:11  Marine  
  22  2:18  Barracks  
  22  2:29  Marine  
  23  2:39  Marine x2  
  23  2:40  Supply Depot  
  25  2:46  Marine  
  26  2:53  Supply Depot  
  26  2:54  Supply Depot  
  26  2:57  Marine  
  27  2:58  Marine  
  27  3:04  Marine  
  29  3:09  Supply Depot  
  29  3:15  Marine  
  29  3:16  Marine x2  
  32  3:22  Marine  
  33  3:32  Marine  
  33  3:34  Marine x2  
  34  3:40  Marine  
  37  3:50  Marine  
  37  3:52  Marine x2  
  40  3:58  Marine  
  41  4:08  Marine  
  41  4:09  Marine  
  42  4:10  Marine  
  42  4:15  Marine  
  45  4:26  Marine  
  45  4:27  Marine x2  
  48  4:33  Marine  
  44  4:44  Marine  
  44  4:45  Marine x2  
  44  4:51  Marine  
  46  5:01  Marine  
  46  5:03  Marine x2  
  49  5:09  Marine  
  44  5:19  Marine  
  44  5:21  Marine x2  
  42  5:36  Factory  
  42  5:37  Marine  
  42  5:38  Marine  
  42  5:39  Marine  
  42  5:41  Barracks Tech Lab  
  44  5:55  Marine  
  44  5:56  Marine  
  44  5:57  Marine  
  47  6:06  Refinery  
  47  6:08  Stimpack  
  47  6:13  Marine  
  47  6:14  Marine x2  
  50  6:31  Marine  
  50  6:32  Marine  
  52  6:36  Starport, Factory Reactor  
  52  6:40  SCV  
  52  6:46  Engineering Bay  
  52  6:52  SCV  
  37  7:02  Barracks Reactor x2  
  37  7:05  SCV  
  38  7:11  Barracks Reactor  
  38  7:13  Terran Infantry Weapons Level 1  
  38  7:17  SCV  
  39  7:23  Supply Depot  
  39  7:31  Medivac x2  
  39  7:34  Marine  
  44  7:39  Marine x4  
  48  7:47  Marine x2  
  50  7:52  Marine  
  50  7:55  Supply Depot  
  50  7:57  Marine x4  
  55  8:01  Medivac  
  55  8:05  Medivac, Marine x2  
  60  8:10  Marine  
  62  8:14  Marine  
  62  8:15  Marine x3  
  66  8:21  Supply Depot  
  66  8:23  Marine x2  
  68  8:27  Marine  
  68  8:32  Marine x2  
  68  8:33  Marine x2  
  73  8:40  Marine  
  73  8:41  Marine  
  75  8:45  Marine  
  76  8:50  Marine x3  
  76  8:51  Marine  
  80  8:58  Marine x2  
  82  9:03  Marine  
  82  9:09  Marine x4  
  87  9:16  Marine x2  
  89  9:21  Marine  
  84  9:37  Marine x4  
  84  9:38  Marine x2  
  87  9:39  Marine  
  40  10:33  Marine x2  
  40  10:34  Marine x5  
  46  11:03  Marine  
  46  11:04  Marine x6  
  53  11:21  Marine x2  
  53  11:22  Marine x2  
  57  11:32  Viking  
  53  12:39  Marine  
  53  12:40  Marine x4  
  58  12:45  Orbital Command  
  21  14:18  Marine x4  
  21  14:19  Marine x3  
Tags
 
Add a new tag
Caveats
  • Supply blocks, unpowered buildings, or Contaminate may cause inaccurate times.
  • Supply counts are checked every 10 seconds.